 Dungeon Crawl Stone Soup version 0.31-a0-1154-gadca813884 (webtiles) character file.

Game seed: 16648827425146231143

31 Arzdou the Firebug (level 3, -2/21 HPs)
             Began as an Octopode Fire Elementalist on Dec 7, 2023.
             Killed from afar by a dart slug (4 damage)
             ... with a slug dart
             ... on level 2 of the Dungeon.
             The game lasted 00:01:14 (1378 turns).

Arzdou the Firebug (Octopode Fire Elementalist)     Turns: 1378, Time: 00:01:15

Health: -2/21      AC:  1    Str:  7    XL:     3   Next: 22%
Magic:  4/6        EV: 13    Int: 19    God:
Gold:   82         SH:  0    Dex: 12    Spells: 6/7 levels left

rFire   . . .        d - +0 dagger
rCold   . . .        (no shield)
rNeg    . . .        (helmet restricted)
rPois   .            (no amulet)
rElec   .            j - ring of resist corrosion
rCorr   +            (no ring)
SInv    .            (no ring)
Will    .....        (no ring)
Stlth   +++          (no ring)
HPRegen 0.23/turn    (no ring)
MPRegen 0.10/turn    (no ring)
                     (no ring)

%: no passive effects
@: very slightly contaminated
A: almost no armour, amphibious, 8 rings, camouflage 1, gelatinous body 1,
(nimble swimmer 1), tentacles
a: no special abilities


You were on level 2 of the Dungeon.
You visited 1 branch of the dungeon, and saw 2 of its levels.

You collected 82 gold pieces.

Inventory:

Hand Weapons
 d - a +0 dagger (weapon)
Missiles
 i - 2 throwing nets
Jewellery
 j - a ring of resist corrosion (left tentacle)
Scrolls
 e - a scroll of teleportation {unknown}
 f - 2 scrolls of identify {unknown}
 g - a scroll of poison {unknown}
Potions
 a - a potion of magic
 b - a potion of curing {unknown}
 c - 3 potions of invisibility {unknown}
 h - 2 potions of heal wounds {unknown}


   Skills:
 - Level 2.0 Dodging
 - Level 2.8 Stealth
 + Level 2.5 Spellcasting
 + Level 1.7 Conjurations
 + Level 3.3 Fire Magic


You had 6 spell levels left.
You knew the following spells:

 Your Spells              Type           Power      Damage    Failure   Level
a - Foxfire               Conj/Fire      48%        2x1d6     5%          1

Your spell library contained the following spells:

 Spells                   Type           Power      Damage    Failure   Level
 Scorch                   Fire           30%        2d6       6%          2
 Inner Flame              Hex/Fire       8%         N/A       24%         3
 Volatile Blastmotes      Fire/Tloc      16%        2d11      24%         3
 Flame Wave               Conj/Fire      12%        2d6       50%         4


Dungeon Overview and Level Annotations

Branches:
Dungeon (2/15)

Altars:


Innate Abilities, Weirdness & Mutations

You cannot wear most types of armour.
You are amphibious.
You can wear up to eight rings at the same time.
Your skin changes colour to match your surroundings (Stealth+).
Your rubbery body absorbs attacks. (AC +1, EV +1)
((You are camouflaged when in or above water. (Stealth+)))
You have tentacles for arms and can constrict up to eight enemies at once.


Message History

Found 5 gold pieces.
The hobgoblin shouts!
The goblin shouts!
The dart slug launches a dart at you. The slug dart misses you.
You hear a shout!
The goblin unwields a +0 dagger.
The goblin wields a +0 sling.
The goblin shoots a sling bullet.
The sling bullet hits you but does no damage.
The hobgoblin hits you.
A hobgoblin comes into view.
You hit the hobgoblin. Your grab misses the hobgoblin.
The hobgoblin is lightly wounded.
The goblin shoots a sling bullet.
The sling bullet barely misses you. The dart slug launches a dart at you.
The slug dart hits you. The hobgoblin completely misses you.
You closely miss the hobgoblin. You grab the hobgoblin.
The hobgoblin is lightly wounded.
You constrict the hobgoblin. The dart slug launches a dart at you.
The slug dart hits you. The hobgoblin barely misses you.
You hit the hobgoblin. You squeeze the hobgoblin.
You kill the hobgoblin!
The goblin shoots a sling bullet.
The sling bullet misses you.
Unknown command.
You miscast Foxfire.
You are very lightly contaminated with residual magic.
Nothing appears to happen.
The goblin shoots a sling bullet.
The sling bullet hits you. The dart slug launches a dart at you.
The slug dart misses you.
There are monsters nearby!
You are too injured to fight recklessly!
Casting: Foxfire (safe; 5% risk of failure)
Confirm with . or Enter, or press ? or * to list all spells.
You conjure some foxfire!
The goblin shoots a sling bullet.
The sling bullet hits you.
* * * LOW HITPOINT WARNING * * *
The dart slug launches a dart at you. The slug dart hits you.
You die...

. #.######
#.#.....
#.w....## #
#....... .##. ..
#.....##.... .
#..$v..g.... #.
#...@.......
#.######v.......
#...........g...
#...##.###.....
##.......#...#.
#...#.#.#.#...
###.#....>###.
#.####...## .
#.........##.#


You could see a dart slug, a hobgoblin (ally target) and a goblin.

Vanquished Creatures
  4 ball pythons (D:1)
  An endoplasm (D:1)
  A giant cockroach (D:1)
  5 goblins
  5 hobgoblins
  2 quokkas (D:1)
  3 bats (D:1)
  5 kobolds (D:1)
  A rat (D:1)
27 creatures vanquished.

Vanquished Creatures (others)
  27 foxfires
27 creatures vanquished.

Grand Total: 54 creatures vanquished

Notes
Turn   | Place    | Note
-------+----------+-------------------------------------------
     0 | D:1      | Arzdou the Octopode Fire Elementalist began the quest for
                  | the Orb.
     0 | D:1      | Reached XP level 1. HP: 11/11 MP: 3/3
   266 | D:1      | Reached XP level 2. HP: 17/17 MP: 5/5
   695 | D:1      | Reached XP level 3. HP: 21/21 MP: 6/6
  1272 | D:2      | Found a faded altar of an unknown god.
  1378 | D:2      | Killed from afar by a dart slug

Illustrated notes

Levels and vault maps discovered:
D:1:      minmay_arrival_nine_rooms, layout_basic, minmay_crystal_water,
          serial_park_tiny_2
D:2:      layout_basic, hellmonk_ecumenical_altar_leap_of_faith,
          serial_park_tiny_1

Action                     || total
---------------------------++-------
  Melee: Unarmed           ||    12
         Constrict         ||    12
         Dagger            ||    24
         Tentacles         ||     3
         Punch             ||     1
   Cast: Foxfire           ||    17
   Stab: Sleeping          ||     5
 Armour: Skin              ||    23
  Dodge: Dodged            ||    32

Table legend: (Time is in decaauts)
 A = Elapsed time spent in this place.
 B = Non-inter-level travel time spent in this place.
 C = Inter-level travel time spent in this place.
 D = Time resting spent in this place.
 E = Time spent auto-exploring this place.
 F = Levels seen in this place.
 G = Mean time per level.
                   A        B        C        D        E       F      G
               +--------+--------+--------+--------+--------+-----+--------+
         Total |   1376 |   1318 |     58 |      0 |   1148 |   2 |  688.0 |
       Dungeon |   1376 |   1318 |     58 |      0 |   1148 |   2 |  688.0 |
               +--------+--------+--------+--------+--------+-----+--------+

Top non-repeatable levels by time:
     D:1: 1258 daAuts
     D:2: 118 daAuts
